 Seeded DCSS version 0.27-a0-96-gb51a1d6fd6 (webtiles) character file.

Game seed: 5125158891462947277 (custom seed)

935 tacoguy the Covered (level 7, -11/63 HPs)
             Began as a Minotaur Fighter on Jan 19, 2021.
             Killed by nerve-wracking pain
             ... invoked by an orc priest
              (14 damage)
             ... on level 5 of the Dungeon.
             The game lasted 00:11:40 (4181 turns).

tacoguy the Covered (Minotaur Fighter)              Turns: 4181, Time: 00:11:40

Health: -11/63     AC: 10    Str: 23    XL:     7   Next: 87%
Magic:  6/6        EV: 10    Int:  5    God:
Gold:   384        SH: 10    Dex:  9    Spells: 6/6 levels left

rFire    . . .     SeeInvis .   o - +2 war axe (drain)
rCold    + . .     Faith    .   c - +0 kite shield
rNeg     . . .     Spirit   .   m - +3 ring mail {rC+}
rPois    .         Reflect  .   (helmet restricted)
rElec    .         Harm     .   (no cloak)
rCorr    .         Rampage  .   h - +0 pair of gloves
Will     .....                  (no boots)
Stlth    ..........             (no amulet)
HPRegen  0.20/turn              (no ring)
MPRegen  0.10/turn              (no ring)

@: lethally poisoned (-11 -> -21)
A: retaliatory headbutt, horns 2
a: no special abilities


You were on level 5 of the Dungeon.
You visited 1 branch of the dungeon, and saw 5 of its levels.
You also visited: Sewer.

You collected 384 gold pieces.

Inventory:

Hand Weapons
 o - a +2 war axe of draining (weapon)
Armour
 c - a +0 kite shield (worn)
 h - a +0 pair of gloves (worn)
 m - a +3 ring mail of cold resistance (worn)
Magical Staves
 n - an uncursed staff of air
Scrolls
 a - a scroll of magic mapping
 b - 2 scrolls of enchant armour
 f - 4 scrolls of remove curse
 i - 6 scrolls of teleportation {unknown}
 q - a scroll of blinking {unknown}
 r - a scroll of immolation {unknown}
Potions
 d - 2 potions of might
 e - 2 potions of attraction
 g - 2 potions of flight
 j - a potion of mutation {unknown}
 k - 3 potions of haste
 l - a potion of berserk rage
 p - a potion of invisibility {unknown}


   Skills:
 + Level 6.0 Fighting
 + Level 5.2 Axes
 + Level 6.1 Armour
 + Level 4.0 Dodging
 + Level 6.0 Shields


You had 6 spell levels left.
You didn't know any spells.
Your spell library contained the following spells:

 Spells                   Type           Power        Failure   Level
 Beastly Appendage        Tmut           0%           95%         1
 Wereblood                Tmut           0%           98%         2
 Spider Form              Tmut/Pois      0%           100%        3
 Ice Form                 Ice/Tmut       0%           100%        4
 Blade Hands              Tmut           0%           100%        5


Dungeon Overview and Level Annotations

Branches:
Dungeon (5/15)             Temple (0/1) D:5           Sewer (visited)

Altars:
Vehumet
Zin


Innate Abilities, Weirdness & Mutations

You reflexively headbutt those who attack you in melee.
You have a pair of horns on your head.


Message History

You are poisoned.
You block the orc priest's attack.
You barely miss the orc priest.
The orc priest is severely wounded.
You feel sick.
The orc priest hits you but does no damage.
You are more poisoned.
You hit the orc priest but do no damage.
The orc priest is severely wounded.
You feel sick.
The orc priest casts a cantrip, but nothing happens.
You barely miss the orc priest.
The orc priest is severely wounded.
You feel sick.
The orc priest mumbles some strange prayers to Beogh against you.
Beogh smites you!
* * * LOW HITPOINT WARNING * * *
The orc priest mumbles some strange prayers to Beogh against you.
Pain shoots through your body!
You die...

##≈##..≈...≈......≈.#######..###.
##≈≈≈≈≈.≈≈≈≈≈≈≈≈≈≈≈≈≈######(.####
##≈≈≈≈≈≈≈≈≈≈≈≈≈.≈≈≈≈≈ #.....>#..
.####.†............≈####......#..
......)).≈.....≈≈.............#..
.....#........................#..
.....#........................#..
.....#..........))............#..
##..###...##....@o.8.8.8......#..
#+## #...##....##..⌠.⌠..#...##..
♣♣♣♣♣####+#..8.>.8.....##..
♣♣♣♣♣.......⌠.⌠..........
P≈≈P♣♣.>...8.8.8.........
≈≈≈P≈P≈..................
≈≈..P..o#................
≈..............#..#..####
.....o...$#########..####


You could see an orc priest (drained).

Vanquished Creatures
  Purgy (Sewer)
  2 ogres
  A scorpion (D:4)
  A crimson imp (D:5)
  2 hounds
  A jelly (D:5)
  A gnoll shaman (D:5)
  6 orc wizards
  3 worker ants
  A hound skeleton (D:5)
  5 gnolls (D:5)
  6 adders
  2 white imps (D:5)
  A worm (D:5)
  6 leopard geckos
  13 orcs
  6 giant cockroaches
  8 goblins
  7 hobgoblins
  5 jackals
  12 kobolds
  6 quokkas
  A ball python (D:3)
  4 bats
  5 frilled lizards
  5 rats
111 creatures vanquished.

Vanquished Creatures (others)
  4 fungi (D:1)
  2 plants (D:5)
  5 toadstools (D:1)
11 creatures vanquished.

Grand Total: 122 creatures vanquished

Notes
Turn   | Place    | Note
-------+----------+-------------------------------------------
     0 | D:1      | tacoguy the Minotaur Fighter began the quest for the Orb.
     0 | D:1      | Reached XP level 1. HP: 19/19 MP: 0/0
   377 | D:1      | Reached XP level 2. HP: 27/27 MP: 1/1
   741 | D:2      | Found a faded altar of an unknown god.
   883 | D:2      | Reached XP level 3. HP: 26/33 MP: 2/2
  1077 | D:2      | Noticed an ogre
  1091 | D:2      | Reached skill level 1 in Dodging
  1563 | D:3      | Found a radiant altar of Vehumet.
  1712 | D:3      | Reached XP level 4. HP: 40/40 MP: 3/3
  1862 | D:3      | Reached XP level 5. HP: 46/47 MP: 4/4
  2135 | D:3      | Reached skill level 5 in Armour
  2173 | D:3      | Found a glowing silver altar of Zin.
  2441 | D:4      | Noticed an ogre
  2448 | D:4      | Killed an ogre
  2449 | D:4      | Reached skill level 5 in Shields
  2449 | D:4      | Reached XP level 6. HP: 41/55 MP: 5/5
  2620 | D:4      | Reached skill level 5 in Fighting
  3214 | D:5      | Entered Level 5 of the Dungeon
  3220 | D:5      | Reached XP level 7. HP: 61/61 MP: 6/6
  3230 | D:5      | Found a staircase to the Ecumenical Temple.
  3431 | D:5      | Found a glowing drain.
  3435 | Sewer    | Entered a sewer
  3492 | Sewer    | Noticed Purgy
  3513 | Sewer    | Killed Purgy
  3820 | D:5      | Reached skill level 5 in Axes
  4181 | D:5      | HP: 3/63 [orc priest/divine providence (12)]
  4181 | D:5      | Killed from afar by an orc priest

Illustrated notes

Levels and vault maps discovered:
D:1:      dpeg_arrival_pits, layout_rooms, minmay_misc_feat_secret_circle,
          minmay_gold_behind_fungi, minmay_surrounded
D:2:      layout_basic, chequers_ecumenical_altar_island, lightli_corner_chamber
D:3:      layout_basic, zin_academy, vehumet_crystals, bh_walls_and_bars
D:4:      layout_basic
D:5:      wander_river, layout_gridville, cheibriados_altar_2,
          minmay_temple_entry_statues_fountains, gup_sewer_entry_spiral,
          serial_bayou_ford_a, chequers_serial_rivers_small_3,
          minmay_fire_ice_demons

Skill      XL: |  1  2  3  4  5  6  7 |
---------------+----------------------+-----
Armour         | 4 5 6 |  6.1
Shields        | 4 5 6 |  6.0
Fighting       | 4 5 6 |  6.0
Dodging        | 1 2 3 4 |  4.0
Axes           | 3 4 5 |  5.2

Action                   |  1- 3 |  4- 6 |  7- 9 || total
-------------------------+-------+-------+-------++-------
Melee: War axe           |   100 |    79 |   108 ||   287
       Headbutt          |     9 |    14 |    15 ||    38
  Use: Scroll            |     5 |     3 |     1 ||     9
       Potion            |       |       |     1 ||     1
Armor: Scale mail        |    44 |       |       ||    44
       Ring mail         |     8 |    30 |    62 ||   100
Dodge: Dodged            |    45 |    41 |    63 ||   149
Block: Kite shield       |    60 |    39 |    93 ||   192

Table legend: (Time is in decaauts)
 A = Elapsed time spent in this place.
 B = Non-inter-level travel time spent in this place.
 C = Inter-level travel time spent in this place.
 D = Time resting spent in this place.
 E = Time spent auto-exploring this place.
 F = Levels seen in this place.
 G = Mean time per level.
                   A        B        C        D        E       F      G
               +--------+--------+--------+--------+--------+-----+--------+
         Total |   4366 |   4032 |    334 |    462 |   2756 |   6 |  727.7 |
       Dungeon |   4029 |   3695 |    334 |    322 |   2671 |   5 |  805.8 |
         Sewer |    337 |    337 |      0 |    140 |     84 |   1 |  337.0 |
               +--------+--------+--------+--------+--------+-----+--------+

Top non-repeatable levels by time:
     D:2: 986 daAuts
     D:3: 923 daAuts
     D:4: 788 daAuts
     D:5: 733 daAuts
     D:1: 596 daAuts
   Sewer: 337 daAuts
